 Dungeon Crawl Stone Soup version 0.21-a0-324-gfc3775b (webtiles) character file.

2883 Manul the Covert (level 9, 0/67 HPs)
             Began as a Vampire Assassin on Oct 1, 2017.
             Was a Believer of Dithmenos.
             Slain by a two-headed ogre
             ... wielding a +0 giant club
              (26 damage)
             ... on level 8 of the Dungeon.
             The game lasted 00:11:07 (9102 turns).

Manul the Covert (Vampire Assassin)                 Turns: 9102, Time: 00:11:08

Health: 0/67       AC:  8    Str: 15      XL:     9   Next: 48%
Magic:  9/9        EV: 15    Int: 13      God:    Dithmenos [**....]
Gold:   215        SH:  5    Dex: 16 (18) Spells: 5/8 levels left

rFire    . . .     SeeInvis +   a - +2 dagger
rCold    + . .     Gourm    .   (no shield)
rNeg     + + .     Faith    .   A - +3 leather armour
rPois    +         Spirit   .   (no helmet)
rElec    .         Reflect  +   d - +0 cloak
rCorr    .         Harm     .   E - +0 pair of gloves
MR       .....                  (no boots)
Stlth    ++++++++..             I - +5 amulet of reflection
HPRegen  0.10/turn              D - +4 ring of strength
MPRegen  0.11/turn              u - ring of flight

@: lethally poisoned (0 -> -6), regenerating slowly, wreathed by umbra
A: fangs 3, see invisible, unbreathing
a: Bat Form, Shadow Step, Renounce Religion, Evoke Flight


You were on level 8 of the Dungeon.
You worshipped Dithmenos.
Dithmenos was pleased with you.
You were near bloodless.

You visited 2 branches of the dungeon, and saw 9 of its levels.
You also visited: Sewer.

You collected 215 gold pieces.

Inventory:

Hand Weapons
 a - a +2 dagger (weapon)
 b - a +0 blowgun
 m - a +1 falchion of draining
 p - a +0 shortbow
 w - a +0 rapier
Missiles
 e - 21 poisoned needles
 f - 2 curare-tipped needles
 q - 97 arrows
Armour
 d - a +0 cloak (worn)
 A - a +3 leather armour (worn)
 E - a +0 pair of gloves (worn)
Jewellery
 u - a ring of flight (right hand)
 D - a +4 ring of strength (left hand)
 I - a +5 amulet of reflection (around neck)
Wands
 l - a wand of acid (5/15)
 r - a wand of random effects (8/48)
Scrolls
 c - a scroll of blinking {unknown}
 h - 2 scrolls of remove curse {unknown}
 i - 6 scrolls of teleportation
 j - 3 scrolls of magic mapping
 o - a scroll of recharging {unknown}
 s - 2 scrolls of noise {unknown}
 t - 2 scrolls of identify
 z - 3 scrolls of enchant weapon {unknown}
 C - a scroll of immolation {unknown}
 G - 2 scrolls of fog {unknown}
 J - a scroll of fear {unknown}
 M - 2 scrolls of enchant armour
Potions
 g - 11 potions of blood
 k - 6 potions of curing
 n - a potion of agility {unknown}
 v - 2 potions of haste
 x - 2 potions of heal wounds
 B - a potion of cancellation
 F - a potion of mutation {unknown}
 K - 2 potions of lignification
Books
 L - a book of Misfortune

   Spells                             Type                      Level
   a - Confusing Touch                Hexes                        1
   b - Confuse                        Hexes                        3
   c - Gell's Gravitas                Translocation                3
   d - Petrify                        Transmutation/Earth          4
   e - Metabolic Englaciation         Hexes/Ice                    5
   f - Yara's Violent Unravelling     Hexes/Transmutation          5


   Skills:
 + Level 4.9 Fighting
 + Level 6.7(7.4) Short Blades
 + Level 4.4(5.9) Long Blades
 - Level 1.7 Throwing
 + Level 2.6 Armour
 + Level 5.4 Dodging
 + Level 12.3 Stealth
 + Level 0.5 Evocations


You had 5 spell levels left.
You knew the following spells:

 Your Spells              Type           Power        Failure   Level  Hunger
a - Confuse               Hex            #.......     75%         3    ####...


Dungeon Overview and Level Annotations

Branches:
Dungeon (8/15)             Temple (1/1) D:5
   Lair: D:8-11

Altars:
Dithmenos
Elyvilon
Fedhas
Hepliaklqana
Kikubaaqudgha
Makhleb
Nemelex Xobeh
Qazlal
Sif Muna
Trog
Vehumet
Xom


Innate Abilities, Weirdness & Mutations

You heal slowly.
You have razor-sharp teeth.
You have supernaturally acute eyesight. (SInv)
You can survive without breathing.


Message History

The two-headed ogre is moderately wounded.
The orc barely misses you. The two-headed ogre barely misses you.
You block the two-headed ogre's attack.
You hit the two-headed ogre.
The two-headed ogre is moderately wounded.
The orc misses you.
You closely miss the two-headed ogre.
The two-headed ogre is moderately wounded.
You feel sick. The orc closely misses you. The orc misses you.
The two-headed ogre barely misses you. The two-headed ogre closely misses you.
You hit the two-headed ogre but do no damage.
You bite the two-headed ogre, but do no damage.
The two-headed ogre is moderately wounded.
You closely miss the two-headed ogre.
The two-headed ogre is moderately wounded.
The orc misses you. The orc hits you but does no damage.
You barely miss the two-headed ogre.
The two-headed ogre is moderately wounded.
The two-headed ogre hits you with a giant club!! x2
You die...

#.# #..# .
#.# #..#
#. #.#
#..# . #.#
.... #.#
.##. #.#
#.# #)#
#@#
#..$hoO#
#[....so
#......?.
######.#..
#.....
#..####
#..


You could see a two-headed ogre, a scorpion, 2 orcs and a jackal.

Vanquished Creatures
  An ugly thing (D:8)
  A hippogriff (D:7)
  A hornet zombie (D:7)
  A sky beast (D:7)
  4 ogres
  3 centaurs
  3 bullfrogs
  3 scorpions (D:4)
  3 killer bees (D:8)
  A howler monkey (D:6)
  3 crimson imps
  A bullfrog zombie (D:7)
  An orc priest (D:3)
  A centaur skeleton (D:7)
  5 hounds
  A jelly (D:5)
  A bullfrog skeleton (D:8)
  2 orc wizards
  Jessica (D:2)
  3 iguanas
  6 worker ants
  A worker ant zombie (D:5)
  6 gnolls
  11 adders
  3 river rats
  A shadow imp (D:7)
  2 oozes (Sewer)
  2 adder skeletons
  6 worms
  A dart slug (D:1)
  A leopard gecko (D:3)
  17 orcs
  2 giant cockroaches
  13 goblins
  6 hobgoblins
  8 jackals
  3 quokkas
  6 ball pythons
  9 bats
  5 frilled lizards
  17 kobolds
  A quokka zombie (D:5)
  15 rats
182 creatures vanquished.

Notes
Turn   | Place    | Note
-------+----------+-------------------------------------------
     0 | D:1      | Manul the Vampire Assassin began the quest for the Orb.
     0 | D:1      | Reached XP level 1. HP: 16/16 MP: 1/1
    25 | D:1      | Reached skill level 6 in Stealth
    37 | D:1      | Reached XP level 2. HP: 19/22 MP: 2/2
   814 | D:2      | Reached XP level 3. HP: 20/27 MP: 3/3
   863 | D:2      | Reached skill level 7 in Stealth
  1062 | D:2      | Noticed a centaur
  1066 | D:2      | Killed a centaur
  1066 | D:2      | Reached XP level 4. HP: 34/34 MP: 4/4
  1282 | D:2      | Noticed Jessica
  1285 | D:2      | Killed Jessica
  1285 | D:2      | Reached XP level 5. HP: 39/39 MP: 5/5
  1733 | D:2      | Found a white marble altar of Elyvilon.
  1733 | D:2      | Found a hazy altar of Hepliaklqana.
  1833 | D:3      | Reached skill level 8 in Stealth
  3114 | D:3      | Noticed a moth of wrath
  3117 | D:3      | Found a bloodstained altar of Trog.
  3549 | D:4      | Reached XP level 6. HP: 46/46 MP: 6/6
  3968 | D:4      | Reached skill level 9 in Stealth
  4246 | D:4      | Reached XP level 7. HP: 51/52 MP: 7/7
  4503 | D:5      | Entered Level 5 of the Dungeon
  4506 | D:5      | Reached skill level 5 in Short Blades
  4506 | D:5      | Reached skill level 1 in Armour
  4521 | D:5      | Found a staircase to the Ecumenical Temple.
  4538 | Temple   | Entered the Ecumenical Temple
  4576 | Temple   | Became a worshipper of Dithmenos the Shadowed
  4640 | D:5      | Found a blossoming altar of Fedhas.
  4974 | D:5      | Reached skill level 10 in Stealth
  5276 | D:5      | Found a burning altar of Makhleb.
  5277 | D:5      | Found a shimmering altar of Xom.
  5383 | D:6      | Reached XP level 8. HP: 37/58 MP: 8/8
  5412 | D:6      | Reached * piety under Dithmenos
  5431 | D:6      | Found a glowing drain.
  5441 | Sewer    | Entered a sewer
  5866 | D:6      | Reached skill level 1 in Long Blades
  5866 | D:6      | Reached skill level 11 in Stealth
  5962 | D:6      | Reached ** piety under Dithmenos
  6115 | D:6      | Learned a level 3 spell: Confuse
  6277 | D:6      | Found a deep blue altar of Sif Muna.
  6531 | D:7      | Noticed a hippogriff
  6548 | D:7      | Killed a hippogriff
  7805 | D:7      | Reached XP level 9. HP: 56/65 MP: 9/9
  7877 | D:7      | Reached skill level 12 in Stealth
  8840 | D:8      | Noticed a green ugly thing
  8970 | D:8      | Killed a green ugly thing
  8970 | D:8      | Reached skill level 5 in Dodging
  9082 | D:8      | Noticed a two-headed ogre
  9102 | D:8      | Slain by a two-headed ogre

Vault maps used:
D:1:      dpeg_arrival_radiant, minmay_misc_feat_five
D:2:      gammafunk_temple_overflow_wave, guppyfry_early_orc_mine, uniq_jessica
D:3:      tgw_trog
D:4:      first_bread
D:5:      grunt_temple_overflow_champion_of_chaos,
          fedhas_bush_and_centaur_altar, minmay_temple_entry_large_hall
D:6:      portal_sewer_entry_b, basic_altar
Temple:   regret_index_temple_waves
Sewer:    sewer_co_15_rooms

Skill      XL: |  1  2  3  4  5  6  7  8  9 |
---------------+----------------------------+-----
Stealth        | 6 7 8 9 10 11 12 | 12.3
Fighting       | 2 3 4 |  4.9
Short Blades   | 3 4 5 6 |  6.7
Dodging        | 2 3 4 5 |  5.4
Armour         | 1 2 |  2.6
Long Blades    | 4 |  4.4
Throwing       | |  1.7
Evocations     | |  0.5

Action                   |  1- 3 |  4- 6 |  7- 9 || total
-------------------------+-------+-------+-------++-------
Melee: Dagger            |    84 |   170 |   345 ||   599
       Bite              |    11 |    22 |    69 ||   102
       Falchion          |       |       |   118 ||   118
Evoke: Wand              |       |       |     2 ||     2
  Use: Potion            |       |     4 |    13 ||    17
       Scroll            |       |       |     8 ||     8
 Stab: Sleeping          |     4 |    19 |    27 ||    50
       Distracted        |       |       |     4 ||     4
       Invisible         |       |       |     4 ||     4
Armor: Robe              |    16 |    35 |       ||    51
       Leather armour    |       |     4 |   112 ||   116
Dodge: Dodged            |    54 |   146 |   365 ||   565
Block: Other             |       |       |    45 ||    45
       Rpst.: Falchion   |       |       |    32 ||    32

Table legend:
 A = Spawn XP
 B = Non-spawn XP
 C = Spawn XP percentage of total XP
 D = Spawn monster count
 E = Non-spawn monster count
 F = Spawn count percentage of total count
 G = Total turns spent on level
                    A         B        C        D         E        F      G
               +---------+---------+-------+---------+---------+-------+---------
         Total |       0 |    4119 |   0.0 |       0 |     182 |   0.0 |  9102
               +---------+---------+-------+---------+---------+-------+---------
           D:1 |       0 |      38 |   0.0 |       0 |      23 |   0.0 |   754
           D:2 |       0 |     200 |   0.0 |       0 |      24 |   0.0 |  1421
           D:3 |       0 |     138 |   0.0 |       0 |      32 |   0.0 |  1242
           D:4 |       0 |     388 |   0.0 |       0 |      11 |   0.0 |  1086
           D:5 |       0 |     602 |   0.0 |       0 |      17 |   0.0 |   803
           D:6 |       0 |     627 |   0.0 |       0 |      20 |   0.0 |  1180
           D:7 |       0 |    1002 |   0.0 |       0 |      24 |   0.0 |  1671
           D:8 |       0 |    1039 |   0.0 |       0 |      13 |   0.0 |   587
         Sewer |       0 |      85 |   0.0 |       0 |      18 |   0.0 |   300
               +---------+---------+-------+---------+---------+-------+---------
